 Dungeon Crawl Stone Soup version 0.27-a0-686-gaed091b46b (webtiles) character file.

Game seed: 6530488927316527258

18 Gaff the Vandal (level 2, -2/19 HPs)
             Began as a Halfling Hunter on Mar 21, 2021.
             Killed from afar by a dart slug (5 damage)
             ... with a slug dart
             ... on level 1 of the Dungeon.
             The game lasted 00:01:36 (980 turns).

Gaff the Vandal (Halfling Hunter)                    Turns: 980, Time: 00:01:36

Health: -2/19      AC:  3    Str: 13    XL:     2   Next: 90%
Magic:  2/2        EV: 14    Int:  9    God:
Gold:   18         SH:  0    Dex: 14    Spells: 1/1 levels left

rFire    . . .     SeeInvis .   b - +2 short sword (holy)
rCold    . . .     Faith    .   (shield restricted)
rNeg     . . .     Spirit   .   c - +0 leather armour
rPois    .         Reflect  .   (no helmet)
rElec    .         Harm     .   (no cloak)
rCorr    .         Rampage  .   (no gloves)
Will     .....                  (no boots)
Stlth    ++........             (no amulet)
HPRegen  0.06/turn              (no ring)
MPRegen  0.08/turn              (no ring)

@: no status effects
A: small, no large weapons, mutation resistance 1
a: no special abilities


You were on level 1 of the Dungeon.
You visited 1 branch of the dungeon, and saw 1 of its levels.

You collected 18 gold pieces.

Inventory:

Hand Weapons
 a - a +1 hunting sling
 b - a +2 short sword of holy wrath (weapon)
 f - a +0 short sword
Missiles
 d - 20 sling bullets
 e - 40 stones (quivered)
Armour
 c - a +0 leather armour (worn)
Scrolls
 g - a scroll of identify {unknown}
 h - a scroll of enchant armour {unknown}
 i - 2 scrolls of random uselessness {unknown}


   Skills:
 - Level 1.7 Fighting
 * Level 6.6 Slings
 - Level 2.1 Dodging
 + Level 1.9 Stealth


You had one spell level left.
You didn't know any spells.
Your spell library was empty.

Dungeon Overview and Level Annotations

Branches:
Dungeon (1/15)

Altars:


Innate Abilities, Weirdness & Mutations

You are small and have problems with some larger weapons.
You are somewhat resistant to further mutation.


Message History

You closely miss the hobgoblin.
The hobgoblin is severely wounded.
The hobgoblin hits you with a +0 club.
You closely miss the hobgoblin.
The hobgoblin is severely wounded.
The hobgoblin closely misses you.
You hit the hobgoblin but do no damage.
The hobgoblin is severely wounded.
The hobgoblin misses you.
You hit the hobgoblin.
The hobgoblin is almost dead.
The hobgoblin hits you with a +0 club.
You barely miss the hobgoblin.
The hobgoblin is almost dead.
The hobgoblin hits you with a +0 club.
You barely miss the hobgoblin.
The hobgoblin is almost dead.
The hobgoblin closely misses you.
You closely miss the hobgoblin.
The hobgoblin is almost dead.
The hobgoblin hits you with a +0 club.
You barely miss the hobgoblin.
The hobgoblin is almost dead.
The hobgoblin hits you with a +0 club.
* * * LOW HITPOINT WARNING * * *
The hobgoblin closely misses you.
You hit the hobgoblin but do no damage.
The hobgoblin is almost dead.
The hobgoblin hits you with a +0 club.
* * * LOW HITPOINT WARNING * * *
You hit the hobgoblin but do no damage.
The hobgoblin is almost dead.
The hobgoblin hits you with a +0 club.
* * * LOW HITPOINT WARNING * * *
You barely miss the hobgoblin.
The hobgoblin is almost dead.
The hobgoblin barely misses you. The dart slug launches a dart at you.
The slug dart hits you.
You die...

#.# ##.##..##.##'###
#.#########...#.......
#.......#.......###...
####..############.######
#.............# #.......
#.##..#######.###########
#.##..# #####...........
#.##..###....#>#.#######
#.#.....@..)..........#
#.###.###.g..#.#.####.###
#.....# #.........# .....
#########....#.#.###.....
#........................
#.############w#.###.....
#.# #########.....# .....
#.###........#.#.###.....
#........................


You could see a dart slug and a hobgoblin.

Vanquished Creatures
  A dart slug (D:1)
  A leopard gecko (D:1)
  3 bats (D:1)
  3 goblins (D:1)
  2 hobgoblins (D:1)
  2 kobolds (D:1)
  3 rats (D:1)
15 creatures vanquished.

Vanquished Creatures (others)
  A giant cockroach (D:1)
1 creature vanquished.

Grand Total: 16 creatures vanquished

Notes
Turn   | Place    | Note
-------+----------+-------------------------------------------
     0 | D:1      | Gaff the Halfling Hunter began the quest for the Orb.
     0 | D:1      | Reached XP level 1. HP: 14/14 MP: 1/1
    61 | D:1      | Reached skill level 6 in Slings
   274 | D:1      | Reached XP level 2. HP: 19/19 MP: 2/2
   980 | D:1      | Killed from afar by a dart slug

Illustrated notes

Levels and vault maps discovered:
D:1:      minmay_arrival_nine_rooms, layout_basic, minmay_misc_feat_nine_boxes,
          st_stairs_13, nrook_loot_triangle, amcnicky_mini_pool_small,
          lemuel_old_faithful

Skill      XL: |  1 |
---------------+----+-----
Slings         | 6 |  6.6
Fighting       | |  1.7
Dodging        | |  2.1
Stealth        | |  1.9

Action                   || total
-------------------------++-------
Melee: Short sword       ||    52
 Stab: Sleeping          ||     1
Armor: Leather armour    ||     7
Dodge: Dodged            ||    31

Table legend: (Time is in decaauts)
 A = Elapsed time spent in this place.
 B = Non-inter-level travel time spent in this place.
 C = Inter-level travel time spent in this place.
 D = Time resting spent in this place.
 E = Time spent auto-exploring this place.
 F = Levels seen in this place.
 G = Mean time per level.
                   A        B        C        D        E       F      G
               +--------+--------+--------+--------+--------+-----+--------+
         Total |    983 |    983 |      0 |    503 |    331 |   1 |  983.0 |
       Dungeon |    983 |    983 |      0 |    503 |    331 |   1 |  983.0 |
               +--------+--------+--------+--------+--------+-----+--------+

Top non-repeatable levels by time:
     D:1: 983 daAuts
